 Dungeon Crawl Stone Soup version 0.23.2 (webtiles) character file.

Game seed: 11833438014826244199

34730 Fang the Fighter (level 13, -6/87 HPs)
             Began as a Gargoyle Berserker on Apr 1, 2019.
             Was a High Priest of Trog.
             Mangled by an entropy weaver (12 damage)
             ... on level 6 of the Lair of Beasts.
             The game lasted 00:24:45 (18277 turns).

Fang the Fighter (Gargoyle Berserker)              Turns: 18277, Time: 00:24:46

Health: -6/87      AC:  9    Str: 25    XL:     13   Next: 79%
Magic:  0/23       EV: 13    Int: 14    God:    Trog [*****.]
Gold:   1247       SH:  0    Dex:  9    Spells: 12/12 levels left

rFire    . . .     SeeInvis .   H - +4 battleaxe (chop)
rCold    . . .     Gourm    .   (shield currently unavailable)
rNeg     + . .     Faith    .   P - +1 storm dragon scales
rPois    ∞         Spirit   +   h - +3 hat of Pondering {ponderous, MR+ MP+10 Int+5}
rElec    +         Reflect  .   x - scarf {Spirit}
rCorr    .         Harm     .   (no gloves)
MR       +....                  (no boots)
Stlth    ..........             r - amulet of guardian spirit
HPRegen  0.24/turn              j - ring of flight
MPRegen  0.18/turn              (no ring)

@: corroded, berserk cooldown, slowed, studying Unarmed Combat, very slow
A: negative energy resistance 1, electricity resistance, unbreathing,
petrification resistance, rot immunity, AC +9
a: Berserk, Trog's Hand, Brothers in Arms, Renounce Religion, Evoke Flight


You were on level 6 of the Lair of Beasts.
You worshipped Trog.
Trog was extremely pleased with you.
You were not hungry.

You visited 5 branches of the dungeon, and saw 20 of its levels.

You collected 1247 gold pieces.

Inventory:

Hand Weapons
 a - a +4 battleaxe
 H - a +4 battleaxe of chopping (weapon)
Armour
 h - the +3 hat of Pondering (worn) {ponderous, MR+ MP+10 Int+5}
   (You took it off Gastronok on level 9 of the Dungeon)

   It affects your intelligence (+5).
   It affects your resistance to hostile enchantments.
   It affects your magic capacity (+10).
 w - a +1 plate armour
 x - a scarf of spirit shield (worn)
 K - a +1 cloak
 P - +1 storm dragon scales (worn)
Jewellery
 j - a ring of flight (left hand)
 r - an amulet of guardian spirit (around neck)
 D - an uncursed ring of protection from fire
Wands
 l - a wand of flame (49)
 s - a wand of random effects (41)
 u - a wand of iceblast (7)
 y - a wand of digging (4)
 B - a wand of disintegration (12)
 E - a wand of polymorph (11)
 F - a wand of acid (6)
 J - a wand of enslavement (14)
Scrolls
 b - 5 scrolls of teleportation
 i - 11 scrolls of remove curse
 m - 2 scrolls of blinking
 q - 4 scrolls of fear
 C - 3 scrolls of fog
Potions
 d - 4 potions of agility
 e - a potion of brilliance
 g - 6 potions of flight
 n - 2 potions of heal wounds
 o - 2 potions of haste
 p - a potion of mutation
 t - 3 potions of invisibility
 v - 4 potions of curing
 z - a potion of might
 A - 2 potions of ambrosia
 G - 2 potions of cancellation
 I - a potion of magic
 L - 2 potions of berserk rage
Books
 k - a manual of Unarmed Combat
Comestibles
 c - 30 rations


   Skills:
 + Level 12.9 Fighting
 + Level 11.1 Axes
 + Level 12.7 Armour
 + Level 10.1 Dodging


You had 12 spell levels left.
You didn't know any spells.
Your spell library was empty.

Dungeon Overview and Level Annotations

Branches:
Dungeon (11/15)            Temple (1/1) D:5            Lair (6/6) D:11
 Shoals (0/4) Lair:3       Spider (0/4) Lair:2        Slime (1/5) Lair:5
    Orc (1/2) D:10

Altars:
Ashenzari
Dithmenos
Elyvilon
Fedhas
Hepliaklqana
Kikubaaqudgha
Makhleb
Nemelex Xobeh
Okawaru
Qazlal
Sif Muna
Vehumet
Yredelemnul
Zin
Jiyva

Shops:
D:3 *   D:4 [[[:}   D:6 }   D:7 [   D:10 *

Annotations:
Lair:3 exclusion: 4 oklob plants


Innate Abilities, Weirdness & Mutations

You are resistant to torment.
Your stone body is resilient. (AC +9)
You are immune to poison.
You resist negative energy. (rN+)
You are resistant to electric shocks. (rElec)
You can survive without breathing.
You are immune to petrification.
You are immune to rotting.


Message History

The entropy weaver hits you.
* * * LOW HITPOINT WARNING * * *
The worker ant misses you.
You feel much better. The entropy weaver hits you! The entropy weaver hits you.
The entropy weaver hits you but does no damage.
The entropy weaver hits you! The worker ant barely misses you.
The entropy weaver hits you but does no damage.
The entropy weaver closely misses you. x2; The entropy weaver hits you!
* * * LOW HITPOINT WARNING * * *
Your troll goes berserk!
You feel quite a bit more hungry.
The worker ant bites you but does no damage.
The soldier ant stings you but does no damage.
The entropy weaver hits you but does no damage.
The entropy weaver hits you.
* * * LOW HITPOINT WARNING * * *
The entropy weaver hits you!
* * * LOW HITPOINT WARNING * * *
The entropy weaver hits you!
You die...

......... #........
##........ ## ##
#..<.....P P##P#
#.#####........#
....$###.#.##.........
##a.P.............[.
#†#a.†..............
#a@(T..............
#.a#a††.............<
....##.....P.#.........
.....##....P####........#
...#...#.P### ##.......#
.. ..###.## ##......≈ . .
#.P ......## #. #.P
≈.≈≈≈.≈ ≈##≈≈##


You could see an entropy weaver, 2 soldier ants, 2 worker ants and a friendly
troll (berserk).

Vanquished Creatures
  Gastronok (D:9)
  A hydra (Lair:3)
  A queen ant (Lair:6)
  3 death yaks (D:11)
  An unseen horror (D:11)
  A lindwurm (Lair:5)
  Pikel (D:5)
  A deep elf mage (D:7)
  A cyclops (D:11)
  A manticore (Lair:3)
  The ghost of Aldia the Slinger, a novice HaWr of Fedhas (D:6)
  An ugly thing (D:11)
  4 elephants (Lair:6)
  3 black mambas (Lair:3)
  4 spiny frogs
  A torpor snail (Lair:5)
  11 komodo dragons
  A polar bear (Lair:1)
  2 trolls
  Grinder (D:5)
  A jumping spider (Lair:2)
  Prince Ribbit (D:7)
  6 hippogriffs
  7 blink frogs (Lair:5)
  A redback (Lair:2)
  14 yaks
  3 wyverns
  4 hogs (D:7)
  3 hungry ghosts
  A human (D:7)
  3 basilisks
  4 vampire mosquitoes (D:11)
  7 soldier ants (Lair:6)
  7 water moccasins
  Edmund (D:5)
  8 porcupines
  6 orc warriors
  3 sky beasts
  A black bear (D:7)
  An ice beast (D:11)
  8 ogres
  5 wolves (Lair:1)
  7 centaurs
  8 crocodiles
  2 big kobolds
  9 bullfrogs
  A gnoll sergeant (D:6)
  A water moccasin skeleton (D:8)
  2 scorpions
  5 killer bees (D:7)
  3 wights (D:7)
  2 electric eels (Lair:4)
  A howler monkey (D:11)
  A crimson imp (D:7)
  A quasit (D:7)
  A jelly (D:7)
  2 centaur skeletons
  3 centaur zombies
  7 hounds
  10 orc priests
  3 gnoll shamans
  A bullfrog skeleton (D:11)
  13 orc wizards
  Jessica (D:2)
  An iguana (D:9)
  20 worker ants
  A worker ant zombie (D:9)
  20 gnolls
  A howler monkey skeleton (D:4)
  7 adders
  A river rat (D:11)
  4 shadow imps
  An ooze (D:4)
  2 adder zombies
  A worm (D:3)
  2 dart slugs
  5 leopard geckos
  52 orcs
  3 giant cockroaches
  7 goblins
  9 hobgoblins
  9 jackals
  7 quokkas
  3 bats
  9 kobolds
  2 quokka zombies
  5 rats
  2 fungi (Lair:5)
  4 plants (Lair:4)
398 creatures vanquished.

Vanquished Creatures (collateral kills)
  An entropy weaver (Lair:6)
  2 hydras
  The ghost of Arex the Nimble, a journeyman FeMo of Ru (Lair:3)
  2 elephants
  2 soldier ants (Lair:6)
  3 worker ants (Lair:6)
11 creatures vanquished.

Vanquished Creatures (others)
  An ice beast (D:5)
  3 slaves (D:5)
  3 fungi
  10 plants
17 creatures vanquished.

Grand Total: 426 creatures vanquished

Notes
Turn   | Place    | Note
-------+----------+-------------------------------------------
     0 | D:1      | Fang the Gargoyle Berserker began the quest for the Orb.
     0 | D:1      | Reached XP level 1. HP: 14/14 MP: 1/1
   367 | D:1      | Reached XP level 2. HP: 19/19 MP: 2/2
  1003 | D:2      | Reached XP level 3. HP: 24/24 MP: 3/3
  1159 | D:2      | Reached XP level 4. HP: 23/29 MP: 4/4
  1181 | D:2      | Reached ** piety under Trog
  1329 | D:2      | Found a basalt altar of Yredelemnul.
  1330 | D:2      | Found a hazy altar of Hepliaklqana.
  1393 | D:2      | Found a shattered altar of Ashenzari.
  1440 | D:2      | Noticed Jessica
  1451 | D:2      | Killed Jessica
  1816 | D:3      | Reached XP level 5. HP: 5/33 MP: 5/5
  2607 | D:3      | Found Zin's Purification Station.
  2610 | D:3      | Found a glowing silver altar of Zin.
  3031 | D:3      | Found a deep blue altar of Sif Muna.
  3216 | D:4      | Noticed an ogre
  3224 | D:4      | Noticed an ogre
  3228 | D:4      | Killed an ogre
  3228 | D:4      | Reached XP level 6. HP: 21/39 MP: 6/6
  3520 | D:4      | Reached skill level 5 in Fighting
  3520 | D:4      | Reached XP level 7. HP: 31/44 MP: 7/7
  3852 | D:4      | Found a burning altar of Makhleb.
  3924 | D:4      | Found Puceont's Antique Armour Emporium.
  3930 | D:4      | Found Deroyklym's Gadget Shop.
  3957 | D:4      | Found Xavor's Book Boutique.
  4333 | D:4      | Found Sixesk's Antique Armour Emporium.
  4363 | D:4      | Found Faopn's Antique Armour Emporium.
  4391 | D:4      | Found the +7 longbow "Piercer" {penet, EV-2}
  4659 | D:5      | Entered Level 5 of the Dungeon
  4659 | D:5      | Noticed Pikel
  4670 | D:5      | Reached skill level 5 in Armour
  4683 | D:5      | Killed Pikel
  4683 | D:5      | Reached skill level 5 in Axes
  4683 | D:5      | Reached XP level 8. HP: 51/51 MP: 8/8
  4833 | D:5      | Noticed Grinder
  4834 | D:5      | Noticed Edmund
  4838 | D:5      | Paralysed by Grinder for 3 turns
  4843 | D:5      | Paralysed by Grinder for 3 turns
  4857 | D:5      | Paralysed by Grinder for 5 turns
  4870 | D:5      | Killed Edmund
  4872 | D:5      | Reached *** piety under Trog
  4886 | D:5      | Paralysed by Grinder for 5 turns
  4893 | D:5      | Killed Grinder
  5370 | D:5      | Found a staircase to the Ecumenical Temple.
  5485 | D:5      | Reached XP level 9. HP: 44/56 MP: 6/9
  5581 | Temple   | Entered the Ecumenical Temple
  5664 | D:6      | Found Tegust's Gadget Emporium.
  5766 | D:6      | Reached skill level 5 in Dodging
  5802 | D:6      | Found a large runed translucent door.
  5802 | D:6      | Found a large runed translucent door.
  5802 | D:6      | Noticed Aldia's ghost (novice HaWr)
  6447 | D:6      | Reached **** piety under Trog
  6906 | D:6      | Killed Aldia's ghost
  7106 | D:7      | Reached XP level 10. HP: 64/64 MP: 10/10
  7111 | D:7      | Noticed Prince Ribbit
  7136 | D:7      | Killed Prince Ribbit
  7412 | D:7      | Found Jurchopua's Armour Shop.
  7430 | D:7      | Found a blossoming altar of Fedhas.
  7505 | D:7      | Noticed a deep elf mage
  7513 | D:7      | Killed a deep elf mage
  7610 | D:7      | Reached ***** piety under Trog
  7652 | D:7      | Found an ancient bone altar of Kikubaaqudgha.
  7654 | D:7      | Found a white marble altar of Elyvilon.
  8687 | D:8      | Found a stormy altar of Qazlal.
  8740 | D:8      | Reached XP level 11. HP: 21/71 MP: 5/11
  8740 | D:8      | Received a gift from Trog
  9206 | D:8      | Found a sparkling altar of Nemelex Xobeh.
  9423 | D:9      | Noticed Gastronok
  9438 | D:9      | Killed Gastronok
  9438 | D:9      | Reached skill level 10 in Fighting
  9686 | D:9      | Found a radiant altar of Vehumet.
  9816 | D:9      | Found an iron altar of Okawaru.
 10003 | D:9      | Reached skill level 10 in Armour
 10182 | D:10     | Entered Level 10 of the Dungeon
 10182 | D:10     | Found a staircase to the Orcish Mines.
 10304 | D:10     | Found a white marble altar of Elyvilon.
 10614 | D:10     | Found Xocublig's Changing Room.
 10827 | Orc:1    | Entered Level 1 of the Orcish Mines
 10827 | Orc:1    | Noticed a stone giant
 11087 | D:11     | Noticed a death yak
 11088 | D:11     | Noticed a death yak
 11090 | D:11     | Noticed a death yak
 11105 | D:11     | Killed a death yak
 11112 | D:11     | Killed a death yak
 11276 | D:11     | Killed a death yak
 11639 | D:11     | Killed an unseen horror
 11639 | D:11     | Reached XP level 12. HP: 67/79 MP: 12/12
 11674 | D:11     | Found a staircase to the Lair.
 12775 | Lair:1   | Entered Level 1 of the Lair of Beasts
 13324 | Lair:1   | Received a gift from Trog
 14485 | Lair:2   | Found a hole to the Spider Nest.
 14489 | Lair:2   | Reached skill level 10 in Axes
 15021 | Lair:3   | Found a staircase to the Shoals.
 15025 | Lair:3   | Noticed a seven-headed hydra
 15037 | Lair:3   | Killed a 12-headed hydra
 15434 | Lair:3   | Reached XP level 13. HP: 86/86 MP: 13/13
 15561 | Lair:3   | Found a runed translucent door.
 15566 | Lair:3   | Noticed Arex's ghost (journeyman FeMo)
 16102 | Lair:3   | Found a shadowy altar of Dithmenos.
 16511 | Lair:3   | Killed Arex's ghost
 17788 | Lair:5   | Found a staircase to the Slime Pits.
 17789 | Lair:5   | Found a viscous altar of Jiyva.
 18189 | Slime:1  | Entered Level 1 of the Pits of Slime
 18189 | Slime:1  | Noticed an acid blob
 18204 | Lair:6   | Entered Level 6 of the Lair of Beasts
 18232 | Lair:6   | Noticed an entropy weaver
 18247 | Lair:6   | Received a gift from Trog
 18252 | Lair:6   | Reached skill level 10 in Dodging
 18255 | Lair:6   | Killed an entropy weaver
 18263 | Lair:6   | Noticed an entropy weaver
 18277 | Lair:6   | Mangled by an entropy weaver

Skill      XL: |  1  2  3  4  5  6  7  8  9 10 11 12 13 |
---------------+----------------------------------------+-----
Axes           | 3 4 5 6 8 9 10 11 | 11.1
Dodging        | 2 3 4 6 7 8 9 10 | 10.1
Armour         | 3 4 5 6 7 9 10 11 12 | 12.7
Fighting       | 4 5 6 8 9 10 12 | 12.9

Action                   |  1- 3 |  4- 6 |  7- 9 | 10-12 | 13-15 || total
-------------------------+-------+-------+-------+-------+-------++-------
Melee: Hand axe          |    48 |   135 |   405 |       |       ||   588
       Battleaxe         |       |       |    79 |   689 |   217 ||   985
Invok: Berserk           |     1 |     4 |     7 |    13 |     2 ||    27
       Trog's Hand       |       |       |     1 |     2 |       ||     3
       Brothers in Arms  |       |       |       |       |     5 ||     5
  Use: Potion            |       |       |     1 |     1 |     1 ||     3
       Scroll            |       |       |    18 |    16 |     6 ||    40
  Eat: Chunk             |     1 |    11 |    20 |    24 |     8 ||    64
       Ration            |       |       |     1 |     7 |     2 ||    10
Armor: Animal skin       |    10 |    58 |    25 |       |       ||    93
       Scale mail        |       |       |    31 |       |       ||    31
       Skin              |       |       |    61 |       |       ||    61
       Chain mail        |       |       |   228 |   259 |       ||   487
       Plate armour      |       |       |       |   472 |    64 ||   536
       Storm dragon scal |       |       |       |       |   147 ||   147
Dodge: Dodged            |    30 |    77 |   267 |   472 |   198 ||  1044
